 Dungeon Crawl Stone Soup version 0.28.0-53-g5a82cb258f (webtiles) character file.

Game seed: 9724179467756972415

46 MiltankisOP the Sneak (level 3, -1/21 HPs)
             Began as a Kobold Brigand on July 10, 2022.
             Slain by a kobold
             ... wielding a +0 dagger
              (3 damage)
             ... on level 2 of the Dungeon.
             The game lasted 00:01:58 (1602 turns).

MiltankisOP the Sneak (Kobold Brigand)              Turns: 1602, Time: 00:01:59

Health: -1/21      AC:  3    Str:  8    XL:     3   Next: 95%
Magic:  3/3        EV: 15    Int: 12    God:
Gold:   50         SH:  0    Dex: 18    Spells: 2/2 levels left

rFire   . . .      SeeInvis .   a - +2 dagger
rCold   . . .      Faith    .   (no shield)
rNeg    . . .      Spirit   .   b - +0 robe
rPois   .          Reflect  .   (no helmet)
rElec   .          Harm     .   c - +0 cloak
rCorr   .          Rampage  .   (no gloves)
Will    .....                   (no boots)
Stlth   ++++......              (no amulet)
HPRegen 0.07/turn               (no ring)
MPRegen 0.08/turn               (no ring)

@: no status effects
A: small, no large weapons, nightstalker 3
a: no special abilities


You were on level 2 of the Dungeon.
You visited 1 branch of the dungeon, and saw 2 of its levels.

You collected 50 gold pieces.

Inventory:

Hand Weapons
 a - a +2 dagger (weapon)
Missiles
 d - 8 poisoned darts (quivered)
 e - 2 curare-tipped darts
Armour
 b - a +0 robe (worn)
 c - a +0 cloak (worn)
Potions
 f - a potion of berserk rage {unknown}


   Skills:
 - Level 2.1 Fighting
 + Level 4.1 Short Blades
 - Level 2.1 Throwing
 + Level 2.1 Dodging
 - Level 6.0 Stealth


You had 2 spell levels left.
You didn't know any spells.
Your spell library was empty.

Dungeon Overview and Level Annotations

Branches:
Dungeon (2/15)

Altars:
Gozag


Innate Abilities, Weirdness & Mutations

You are small and have problems with some larger weapons.
You are completely attuned to the shadows.


Message History

The adder bites you.
You are poisoned.
The adder poisons you!
You hit the adder.
The adder is severely wounded.
You feel sick. The adder barely misses you.
You hit the adder.
The adder is almost dead.
You feel sick. The adder barely misses you.
You hit the adder.
You kill the adder!
You feel sick.
Your Dodging skill increases to level 2!
You feel sick.
You feel sick.
You feel sick.
You are no longer poisoned.
A kobold comes into view. It is wielding a +0 dagger.
A kobold is nearby!
You are too injured to fight recklessly!
You are too injured to fight recklessly!
You are too injured to fight recklessly!
You are too injured to fight recklessly!
The kobold shouts!
The kobold hits you with a +0 dagger.
You miss the kobold. You hit the kobold but do no damage.
The kobold misses you.
You hit the kobold but do no damage. The kobold misses you.
You hit the kobold but do no damage. You barely miss the kobold.
The kobold hits you with a +0 dagger.
You hit the kobold but do no damage. The kobold completely misses you.
You closely miss the kobold. The kobold hits you with a +0 dagger.
* * * LOW HITPOINT WARNING * * *
You barely miss the kobold. The kobold hits you but does no damage.
You barely miss the kobold. You hit the kobold but do no damage.
The kobold hits you but does no damage.
You hit the kobold but do no damage. The kobold hits you with a +0 dagger.
* * * LOW HITPOINT WARNING * * *
You hit the kobold but do no damage. The kobold hits you with a +0 dagger.
You die...

#......#......#
#..........####
.#.##.......#
...#..#.....#
....<.#.....#
#####.#.....###
.....###.#...#
#.#######.###.#
#..†...@K.....#
#######.....#.#
#.##..### ######'##.>#
#........#######
#........'.....#
#†.......#####.#
########........#####.#
#......'........'.....#


You could see a kobold.

Vanquished Creatures
  2 adders (D:2)
  A dart slug (D:1)
  An endoplasm (D:1)
  4 goblins (D:1)
  A hobgoblin (D:1)
  8 ball pythons
  5 frilled lizards
  2 kobolds
  5 rats (D:1)
29 creatures vanquished.

Notes
Turn   | Place    | Note
-------+----------+-------------------------------------------
     0 | D:1      | MiltankisOP the Kobold Brigand began the quest for the Orb.
     0 | D:1      | Reached XP level 1. HP: 12/12 MP: 1/1
    54 | D:1      | Found a faded altar of an unknown god.
   295 | D:1      | Reached XP level 2. HP: 17/17 MP: 2/2
   800 | D:1      | Reached skill level 6 in Stealth
   800 | D:1      | Reached XP level 3. HP: 13/21 MP: 3/3
  1263 | D:2      | Found an opulent altar of Gozag.
  1602 | D:2      | Slain by a kobold

Illustrated notes

Levels and vault maps discovered:
D:1:      onia_arrival_handbag, layout_basic, chequers_ecumenical_altar_simple,
          minivault_23
D:2:      layout_basic, basic_altar

Skill      XL: |  1  2  3 |
---------------+----------+-----
Short Blades   | 3 4 |  4.1
Stealth        | 6 |  6.0
Dodging        | 2 |  2.1
Fighting       | |  2.1
Throwing       | |  2.1

Action                   || total
-------------------------++-------
Melee: Dagger            ||    67
       Punch             ||     1
 Stab: Sleeping          ||    21
Armor: Robe              ||     4
Dodge: Dodged            ||    22
